 Dungeon Crawl Stone Soup version 0.22-a0-830-gf552829 (webtiles) character file.

14 Inchmeat the Vexing (level 2, -3/28 HPs)
             Began as an Ogre Arcane Marksman on July 25, 2018.
             Slain by a kobold (4 damage)
             ... on level 1 of the Dungeon.
             The game lasted 00:02:01 (878 turns).

Inchmeat the Vexing (Ogre Arcane Marksman)           Turns: 878, Time: 00:02:02

Health: -3/28      AC:  3    Str: 13    XL:     2   Next: 41%
Magic:  4/4        EV: 10    Int: 14    God:
Gold:   19         SH:  0    Dex:  9    Spells: 3/4 levels left

rFire    . . .     SeeInvis .   c - +0 mace
rCold    . . .     Gourm    .   (no shield)
rNeg     . . .     Faith    .   a - +0 robe
rPois    .         Spirit   .   (helmet restricted)
rElec    .         Reflect  .   (no cloak)
rCorr    .         Harm     .   (gloves unavailable)
MR       .....                  (boots unavailable)
Stlth    +.........             (no amulet)
HPRegen  0.09/turn              (no ring)
MPRegen  0.09/turn              (no ring)

@: no status effects
A: large, unfitting armour, tough skin 1
a: no special abilities


You were on level 1 of the Dungeon.
You were not hungry.

You visited 1 branch of the dungeon, and saw 2 of its levels.

You collected 19 gold pieces.

Inventory:

Hand Weapons
 c - a +0 mace (weapon)
Armour
 a - a +0 robe (worn)
Scrolls
 e - a scroll of amnesia {unknown}
Comestibles
 f - a ration


   Skills:
 * Level 2.3 Fighting
 - Level 2.0 Throwing
 - Level 2.0 Dodging
 + Level 1.6 Spellcasting
 + Level 2.8 Hexes


You had 3 spell levels left.
You knew the following spells:

 Your Spells              Type           Power        Failure   Level  Hunger
a - Corona                Hex            #......      8%          1    ##.....

Your spell library contained the following spells:

 Spells                   Type           Power        Failure   Level  Hunger
 Cause Fear               Hex            #.........   58%         4    #####..
 Slow                     Hex            #.......     12%         2    ###....
 Portal Projectile        Hex/Tloc       #.....       38%         3    ####...
 Leda's Liquefaction      Hex/Erth       #.........   80%         4    #####..
 Inner Flame              Hex/Fire       #.......     38%         3    ####...


Dungeon Overview and Level Annotations

Branches:
Dungeon (2/15)

Altars:


Innate Abilities, Weirdness & Mutations

You are too large for most types of armour.
You have tough skin. (AC +1)


Message History

Tha frilled lizard misses ye.
Ye sock tha frilled lizard!
Ye kill tha frilled lizard!
Tha kobold throws a stone.
Tha stone hits ye but does nay damage.
Tha kobold closely misses ye.
Thin's tha be 'ere: a jackal corpse; a goblin corpse; a jackal skeleton Ye hit tha kobold.
Tha kobold be moderately wounded.
Tha kobold hits ye.
* * * LOW HITPOINT WARNIN'
* * * Tha kobold hits ye.
* * * LOW HITPOINT WARNIN'
* * * Ye hit tha kobold but do nay damage.
Tha kobold be moderately wounded.
Tha kobold closely misses ye.
Ye barely miss tha kobold.
Tha kobold be moderately wounded.
Tha kobold hits ye.
Ye die...

... ..# #.#
#.# #.# #.# #
.##.####.##.#
.g
.......>K...#
#g
.#..####@####
#$ #(# #g
.$.....(# #g
#..######
#.## #(.# #g#
#g# #.##


You could see a kobold.

Vanquished Creatures
  A ball python (D:1)
  A giant cockroach (D:1)
  2 goblins
  A hobgoblin (D:1)
  3 jackals (D:1)
  A bat (D:1)
  A frilled lizard (D:1)
  2 rats (D:1)
12 creatures vanquished.

Notes
Turn   | Place    | Note
-------+----------+-------------------------------------------
     0 | D:1      | Inchmeat the Ogre Arcane Marksman began the quest for the Orb.
     0 | D:1      | Reached XP level 1. HP: 19/19 MP: 2/2
   499 | D:2      | Reached XP level 2. HP: 22/28 MP: 4/4
   876 | D:1      | HP: 1/28 [kobold (2)]
   878 | D:1      | Slain by a kobold

Vault maps used:
D:1:      ebering_trefoil_3fold
D:2:      minmay_wonky_spiral, lemuel_doored_altar, minivault_11

Skill      XL: |  1  2 |
---------------+-------+-----
Fighting       | 2 |  2.3
Dodging        | 2 |  2.0
Throwing       | |  2.0
Spellcasting   | |  1.6
Hexes          | |  2.8

Action                   || total
-------------------------++-------
Melee: Unarmed           ||    21
       Mace              ||    37
Throw: Large rock        ||     6
       Throwing net      ||     2
  Use: Potion            ||     1
Armor: Robe              ||    54
Dodge: Dodged            ||    72

Table legend:
 A = Spawn XP
 B = Non-spawn XP
 C = Spawn XP percentage of total XP
 D = Spawn monster count
 E = Non-spawn monster count
 F = Spawn count percentage of total count
 G = Total turns spent on level
                    A         B        C        D         E        F      G
               +---------+---------+-------+---------+---------+-------+---------
         Total |       0 |      20 |   0.0 |       0 |      12 |   0.0 |   878
               +---------+---------+-------+---------+---------+-------+---------
           D:1 |       0 |      18 |   0.0 |       0 |      11 |   0.0 |   536
           D:2 |       0 |       2 |   0.0 |       0 |       1 |   0.0 |   342
               +---------+---------+-------+---------+---------+-------+---------
